 Dungeon Crawl Stone Soup version 0.21.1-1-g345015fe64 (webtiles) character file.

4830 Gargoyl the Chopper (level 10, -8/83 HPs)
             Began as a Centaur Abyssal Knight on Feb 11, 2018.
             Was a Priest of Lugonu.
             Mangled by a two-headed ogre
             ... wielding a +0 giant club
              (19 damage)
             ... on level 9 of the Dungeon.
             The game lasted 00:19:22 (11662 turns).

Gargoyl the Chopper (Centaur Abyssal Knight)       Turns: 11662, Time: 00:19:22

Health: -8/83      AC: 16    Str: 17 (18) XL:     10   Next: 25%
Magic:  4/15       EV:  5    Int:  9 (11) God:    Lugonu [***...]
Gold:   304        SH:  0    Dex:  8 (9)  Spells: 9/9 levels left

rFire    . . .     SeeInvis .   y - +3 battleaxe (freeze)
rCold    . . .     Gourm    .   (shield currently unavailable)
rNeg     . . .     Faith    .   e - +2 chain mail
rPois    +         Spirit   .   b - +2 helmet
rElec    .         Reflect  .   (no cloak)
rCorr    +         Harm     .   g - +1 pair of gloves
MR       .....                  (no barding)
Stlth    ..........             (no amulet)
HPRegen  0.23/turn              m - ring of resist corrosion
MPRegen  0.14/turn              w - ring of poison resistance

@: slowed, heavily drained
A: large, hooves 3, deformed body, speed 2, tough skin 3, wild magic 2,
MP-powered wands
a: Depart the Abyss, Bend Space, Banish, Renounce Religion


You were on level 9 of the Dungeon.
You worshipped Lugonu.
Lugonu was most pleased with you.
You were very hungry.

You visited 1 branch of the dungeon, and saw 9 of its levels.
You visited the Abyss 1 time.

You collected 587 gold pieces.
You spent 283 gold pieces at shops.

Inventory:

Hand Weapons
 a - a +2 hand axe
 y - a +3 battleaxe of freezing (weapon)
Armour
 b - a +2 helmet (worn)
 e - a +2 chain mail (worn)
 g - a +1 pair of gloves (worn)
Jewellery
 m - a ring of resist corrosion (left hand)
 w - a ring of poison resistance (right hand)
 E - an uncursed amulet of harm {unknown}
Wands
 j - a wand of enslavement (23)
 t - a wand of scattershot (6)
 B - a wand of paralysis (16)
 D - a wand of digging (15)
Scrolls
 h - 3 scrolls of fear
 i - 4 scrolls of teleportation
 q - 4 scrolls of remove curse
 r - 3 scrolls of magic mapping
 z - a scroll of amnesia
 A - a scroll of blinking
Potions
 f - a potion of ambrosia
 n - 4 potions of haste
 o - 2 potions of flight
 s - 2 potions of curing
 u - 2 potions of brilliance
 v - 2 potions of might {unknown}
 F - a potion of cancellation {unknown}
Books
 d - a book of Minor Magic

   Spells                             Type                      Level
   a - Magic Dart                     Conjuration                  1
   b - Blink                          Translocation                2
   c - Call Imp                       Summoning                    2
   d - Slow                           Hexes                        2
   e - Conjure Flame                  Conjuration/Fire             3
   f - Mephitic Cloud                 Conjuration/Poison/Air       3
 x - a book of Conjurations

   Spells                             Type                      Level
   a - Magic Dart                     Conjuration                  1
   b - Searing Ray                    Conjuration                  2
   c - Dazzling Spray                 Conjuration/Hexes            3
   d - Fulminant Prism                Conjuration/Hexes            4
   e - Force Lance                    Conjuration/Translocation    4
   f - Iskenderun's Mystic Blast      Conjuration                  4
Comestibles
 c - 10 rations


   Skills:
 + Level 6.0(4.7) Fighting
 + Level 7.9(6.5) Axes
 * Level 7.1(5.8) Armour
 + Level 2.0(0.8) Dodging
 * Level 7.3(5.9) Invocations
 + Level 0.2(0.0) Evocations


You had 9 spell levels left.
You didn't know any spells.

Dungeon Overview and Level Annotations

Branches:
Dungeon (9/15)             Temple (0/1) D:7
   Lair: D:8-11         Orc: D:9-12

Altars:
Elyvilon
Fedhas
Nemelex Xobeh
Okawaru
Ru
Trog
Vehumet
Xom

Shops:
D:5 ?   D:8 %!

Annotations:
D:6 exclusion: oklob plant


Innate Abilities, Weirdness & Mutations

You have hooves in place of feet.
Armour fits poorly on your strangely shaped body.
You cover ground very quickly.
You have extremely tough skin. (AC +3)
Your spells are harder to cast, but more powerful.
You expend magic power (3 MP) to strengthen your wands.


Message History

Your chain mail prevents you from hitting the iguana.
The iguana is almost dead.
You miss the orc wizard.
Your surroundings suddenly seem different.
A two-headed ogre comes into view. It is wielding two giant clubs.
The two-headed ogre shouts in stereo!
Found a ration.
An orc comes into view. It is wielding a short sword.
Press: ? - help, Shift-Dir - straight line, f - two-headed ogre
Aim: a two-headed ogre, wielding two giant clubs (chance to defeat MR: 71%)
The two-headed ogre struggles to resist.
You feel somewhat more hungry.
You can no longer corrupt the fabric of space.
The two-headed ogre barely misses you.
The two-headed ogre hits you but does no damage.
You don't have enough magic at the moment.
The two-headed ogre hits you with a giant club.
* * * LOW HITPOINT WARNING * * *
The two-headed ogre hits you with a giant club!!
You die...

#... ## #. .
###.....
.............
#............
#.#..........
##............
#@#..o........
##.O...........
#..............
####......%....
####.......#
#########


You could see a two-headed ogre.

Vanquished Creatures
  A two-headed ogre (D:9)
  Joseph (D:7)
  Edmund (D:4)
  A water moccasin (D:7)
  2 ice beasts
  A sky beast (D:7)
  Purgy (D:3)
  5 ogres
  The ghost of mahrgell the Ruffian, an amateur DrTm (D:3)
  2 phantoms
  4 centaurs
  A big kobold (D:8)
  A wyvern zombie (D:6)
  2 scorpions
  6 wights
  An electric eel (D:6)
  3 crimson imps
  A bullfrog zombie (D:5)
  5 jellies
  A quasit (D:4)
  A centaur skeleton (D:9)
  3 bullfrog skeletons
  4 hounds
  3 orc priests
  8 orc wizards
  2 iguanas
  Ijyb (D:3)
  4 worker ants
  2 hound skeletons (D:7)
  3 gnolls (D:2)
  8 adders
  A shadow imp (D:6)
  8 oozes (D:2)
  2 adder zombies (D:7)
  2 worms
  A dart slug (D:2)
  6 leopard geckos
  27 orcs
  A ball python (D:3)
  6 giant cockroaches
  5 hobgoblins
  10 jackals
  2 quokkas
  11 bats
  A frilled lizard (D:2)
  14 goblins
  A jackal skeleton (D:6)
  18 kobolds
  A leopard gecko skeleton (D:9)
  A quokka zombie (D:5)
  7 rats
  A plant (D:6)
206 creatures vanquished.

Vanquished Creatures (others)
  A two-headed ogre (D:6)
  A centaur (D:9)
  A bullfrog (D:7)
  2 wights (D:9)
  An electric eel (D:6)
  A jackal (D:7)
  A quokka (D:7)
  A fungus (D:2)
  11 toadstools (D:2)
20 creatures vanquished.

Grand Total: 226 creatures vanquished

Notes
Turn   | Place    | Note
-------+----------+-------------------------------------------
     0 | Abyss:1  | Gargoyl the Centaur Abyssal Knight began the quest for the Orb.
     0 | Abyss:1  | Reached XP level 1. HP: 19/19 MP: 2/2
    47 | Abyss:2  | Noticed a small abomination
    97 | Abyss:2  | Noticed a demonic crawler
   110 | Abyss:2  | Noticed a thrashing horror
   110 | Abyss:2  | Noticed a thrashing horror
   158 | Abyss:3  | Noticed an ancient zyme
   159 | Abyss:3  | Noticed a large abomination
   175 | Abyss:3  | Noticed a flayed ghost
   178 | D:1      | Escaped the Abyss
  1078 | D:1      | Reached XP level 2. HP: 26/26 MP: 3/3
  1741 | D:2      | Reached * piety under Lugonu
  1756 | D:2      | Reached XP level 3. HP: 29/33 MP: 4/4
  1940 | D:2      | Reached XP level 4. HP: 35/40 MP: 5/5
  2007 | D:2      | Found a faded altar of an unknown god.
  2634 | D:2      | Found a radiant altar of Vehumet.
  2684 | D:2      | Reached ** piety under Lugonu
  2875 | D:3      | Noticed mahrgell's ghost (amateur DrTm)
  2891 | D:3      | Noticed Purgy
  3048 | D:4      | Noticed a centaur
  3061 | D:4      | Killed a centaur
  3061 | D:4      | Reached skill level 1 in Dodging
  3061 | D:4      | Reached XP level 5. HP: 28/46 MP: 3/7
  3510 | D:4      | Gained mutation: Your spells are a little harder to cast, but a little more powerful. [potion of mutation]
  3510 | D:4      | Gained mutation: You expend magic power (3 MP) to strengthen your wands. [potion of mutation]
  3510 | D:4      | Gained mutation: Your spells are harder to cast, but more powerful. [potion of mutation]
  3511 | D:4      | Reached XP level 6. HP: 38/53 MP: 6/8
  4346 | D:3      | Killed mahrgell's ghost
  4346 | D:3      | Reached *** piety under Lugonu
  4346 | D:3      | Reached XP level 7. HP: 37/60 MP: 7/9
  4473 | D:3      | Found an iron altar of Okawaru.
  4721 | D:3      | Noticed Ijyb
  4744 | D:3      | Killed Ijyb
  4946 | D:3      | Killed Purgy
  5289 | D:3      | Found a white marble altar of Elyvilon.
  6564 | D:4      | Noticed Edmund
  6581 | D:4      | Killed Edmund
  6581 | D:4      | Reached XP level 8. HP: 41/67 MP: 7/11
  6778 | D:5      | Entered Level 5 of the Dungeon
  7270 | D:5      | Found a sacrificial altar of Ru.
  7282 | D:5      | Reached skill level 5 in Axes
  7329 | D:5      | Found Bapixt's Magic Scroll Shop.
  7351 | D:5      | Bought a scroll of enchant armour for 75 gold pieces
  7637 | D:6      | Reached skill level 5 in Fighting
  7637 | D:6      | Reached skill level 5 in Armour
  7637 | D:6      | Reached skill level 5 in Invocations
  7671 | D:6      | Found a blossoming altar of Fedhas.
  7684 | D:6      | Noticed an oklob plant
  7973 | D:6      | Noticed a two-headed ogre
  7975 | D:6      | Banished a two-headed ogre
  8586 | D:6      | You fall through a shaft for 3 floors!
  8598 | D:9      | Reached XP level 9. HP: 73/74 MP: 13/13
  8741 | D:8      | Found Vuasm's Food Shop.
  8792 | D:7      | Found a staircase to the Ecumenical Temple.
  8814 | D:7      | Found a bloodstained altar of Trog.
  8819 | D:7      | Found a shimmering altar of Xom.
  9158 | D:7      | Noticed Joseph
  9182 | D:7      | Killed Joseph
  9755 | D:7      | Reached **** piety under Lugonu
 10819 | D:8      | Found Bankan's Distillery.
 10824 | D:8      | Bought a potion of heal wounds for 65 gold pieces
 10824 | D:8      | Bought a potion of ambrosia for 104 gold pieces
 10824 | D:8      | Bought a potion of curing for 39 gold pieces
 11350 | D:8      | Reached XP level 10. HP: 83/83 MP: 15/15
 11506 | D:9      | Found a sparkling altar of Nemelex Xobeh.
 11595 | D:9      | Noticed a two-headed ogre
 11615 | D:9      | Killed a two-headed ogre
 11651 | D:9      | HP: 1/83 [iguana (8)]
 11655 | D:9      | Noticed a two-headed ogre
 11662 | D:9      | Mangled by a two-headed ogre

Skill      XL: |  1  2  3  4  5  6  7  8  9 10 |
---------------+-------------------------------+-----
Fighting       | 4 5 6 |  6.0
Axes           | 2 3 4 5 7 |  7.9
Armour         | 2 3 4 5 6 7 |  7.1
Dodging        | 1 2 |  2.0
Invocations    | 3 4 5 6 7 |  7.3
Evocations     | |  0.2

Action                   |  1- 3 |  4- 6 |  7- 9 | 10-12 || total
-------------------------+-------+-------+-------+-------++-------
Melee: Hand axe          |   120 |   221 |   414 |       ||   755
       Kick              |     8 |    49 |   110 |     8 ||   175
       Battleaxe         |       |       |    68 |    29 ||    97
Throw: Tomahawk          |       |       |       |     3 ||     3
Invok: Depart the Abyss  |     1 |       |       |       ||     1
       Banish            |       |       |     3 |     4 ||     7
Evoke: Wand              |       |       |     5 |       ||     5
  Use: Scroll            |     8 |     2 |    13 |     1 ||    24
       Potion            |     1 |     5 |     1 |     6 ||    13
 Stab: Invisible         |       |     3 |       |       ||     3
  Eat: Chunk             |     2 |     6 |    17 |     2 ||    27
       Ration            |       |       |     1 |       ||     1
Armor: Chain mail        |   128 |   296 |   336 |    40 ||   800
       Leather armour    |     1 |       |       |       ||     1
       Skin              |       |       |       |     5 ||     5
Dodge: Dodged            |    37 |    97 |   134 |    23 ||   291
